PIO (24 & UNDER)
SASKATOON SMOKIN' GUNS @ SEATTLE RAINIERS
06/16/2024
 
TOP OF THE 1ST
Saskatoon Smokin' Guns batting - Pitching for Seattle Rainiers : RHP Ben Cobb
Pitching: RHP Ben Cobb
Batting: RHB Kenny Thompson 0-0: Swinging Strike
0-1: Ball
1-1: Ball
2-1: Called Strike
2-2: Ball
3-2: Strikes out looking
Batting: RHB Jason O'Toole 0-0: Swinging Strike
0-1: Ball
1-1: Foul Ball, location: 2F
1-2: Hit by Pitch
Batting: LHB Russell Peck 0-0: Fly out, F8 (Flyball, 8LM)
Batting: RHB César Rodríguez 0-0: Ball
1-0: SINGLE (Groundball, 6MD)
Jason O'Toole to second
Runner from 2nd tries for 3rd, SAFE, throw made to third
Pitching: RHP Rafael López
Batting: RHB Eric Neal 0-0: Fly out, F7 (Flyball, 7LM)
Top of the 1st over - 0 run(s), 1 hit(s), 0 error(s), 2 left on base; Saskatoon 0 - Seattle 0
BOTTOM OF THE 1ST
Seattle Rainiers batting - Pitching for Saskatoon Smokin' Guns : RHP Bernardo Romero
Pitching: RHP Bernardo Romero
Batting: SHB Vicente Pagán 0-0: Ball
1-0: Fly out, F9 (Flyball, 9M)
Batting: LHB Tony Rivera 0-0: Foul Ball, location: 2F
0-1: Called Strike
0-2: Ball
1-2: Strikes out swinging
Batting: SHB Glenn Vadnais 0-0: Foul Ball, location: 2F
0-1: Ball
1-1: Ball
2-1: Ball
3-1: Base on Balls
Batting: LHB Brian Boone 0-0: Ball
1-0: Called Strike
1-1: Foul Ball, location: 2F
1-2: Ball
2-2: Foul Ball, location: 2F
2-2: Strikes out swinging
Bottom of the 1st over - 0 run(s), 0 hit(s), 0 error(s), 1 left on base; Saskatoon 0 - Seattle 0
TOP OF THE 2ND
Saskatoon Smokin' Guns batting - Pitching for Seattle Rainiers : RHP Rafael López
Batting: LHB Raúl Casillán 0-0: Ball
1-0: Ball
2-0: Ball
3-0: Called Strike
3-1: SINGLE (Line Drive, 34D)
Batting: RHB Chris Richards 0-0: Grounds into double play, U6-3 (Groundball, 6)
Batting: RHB Alvin Hampton 0-0: Ground out 5-3 (Groundball, 56)
Top of the 2nd over - 0 run(s), 1 hit(s), 0 error(s), 0 left on base; Saskatoon 0 - Seattle 0
BOTTOM OF THE 2ND
Seattle Rainiers batting - Pitching for Saskatoon Smokin' Guns : RHP Bernardo Romero
Batting: RHB Jorge Montoya 0-0: Called Strike
0-1: Hit by Pitch
Batting: RHB Reynaldo Slomp 0-0: Swinging Strike
0-1: Ball
1-1: Called Strike
1-2: Strikes out swinging
Batting: RHB Jorge Colón 0-0: Swinging Strike
0-1: Ball
1-1: Called Strike
1-2: Ball
2-2: Strikes out looking
Batting: RHB Robert Marks 0-0: Called Strike
0-1: Fielders Choice at 2nd, 6-4 (Groundball, 56)
Bottom of the 2nd over - 0 run(s), 0 hit(s), 0 error(s), 0 left on base; Saskatoon 0 - Seattle 0
TOP OF THE 3RD
Saskatoon Smokin' Guns batting - Pitching for Seattle Rainiers : RHP Rafael López
Batting: LHB Bo Rush 0-0: Foul Ball, location: 2F
0-1: Foul Ball, location: 2F
0-2: Ball
1-2: Strikes out swinging
Batting: RHB Kenny Thompson 0-0: Called Strike
0-1: Called Strike
0-2: Strikes out swinging
Batting: RHB Jason O'Toole 0-0: Called Strike
0-1: Ball
1-1: Foul Ball, location: 2F
1-2: Ball
2-2: Ball
3-2: Base on Balls
Batting: LHB Russell Peck 0-0: Ball
1-0: Ball
2-0: Foul Ball, location: 2F
2-1: Swinging Strike
2-2: Ground out 4-3 (Groundball, 4)
Top of the 3rd over - 0 run(s), 0 hit(s), 0 error(s), 1 left on base; Saskatoon 0 - Seattle 0
BOTTOM OF THE 3RD
Seattle Rainiers batting - Pitching for Saskatoon Smokin' Guns : RHP Bernardo Romero
Batting: RHB Doug Williams 0-0: Called Strike
0-1: Ground out 4-3 (Groundball, 4)
Batting: SHB Vicente Pagán 0-0: Ball
1-0: Called Strike
1-1: Foul Ball, location: 2F
1-2: Ball
2-2: Ball
3-2: Foul Ball, location: 2F
3-2: Base on Balls
Batting: LHB Tony Rivera 0-0: Foul Ball, location: 2F
0-1: Ball
1-1: Fly out, F8 (Flyball, 8RXD)
Batting: SHB Glenn Vadnais 0-0: Ball
1-0: Ground out 4-3 (Groundball, 4)
Bottom of the 3rd over - 0 run(s), 0 hit(s), 0 error(s), 1 left on base; Saskatoon 0 - Seattle 0
TOP OF THE 4TH
Saskatoon Smokin' Guns batting - Pitching for Seattle Rainiers : RHP Rafael López
Batting: RHB César Rodríguez 0-0: Ball
1-0: Ball
2-0: Called Strike
2-1: Foul Ball, location: 2F
2-2: Ball
3-2: Ground out 6-3 (Groundball, 6)
Batting: RHB Eric Neal 0-0: Ball
1-0: Ground out 6-3 (Groundball, 6)
Batting: LHB Raúl Casillán 0-0: Called Strike
0-1: Foul Ball, location: 2F
0-2: Strikes out swinging
Top of the 4th over - 0 run(s), 0 hit(s), 0 error(s), 0 left on base; Saskatoon 0 - Seattle 0
BOTTOM OF THE 4TH
Seattle Rainiers batting - Pitching for Saskatoon Smokin' Guns : RHP Bernardo Romero
Batting: LHB Brian Boone 0-0: Swinging Strike
0-1: Foul Ball, location: 2F
0-2: Strikes out swinging
Batting: RHB Jorge Montoya 0-0: Ball
1-0: Called Strike
1-1: Swinging Strike
1-2: Ball
2-2: Foul Ball, location: 2F
2-2: SINGLE (Line Drive, 6D)
Batting: RHB Reynaldo Slomp 0-0: Called Strike
0-1: Called Strike
0-2: Foul Ball, location: 2F
0-2: Ball
1-2: Hit by Pitch
Jorge Montoya to second
Pinch Runner at 1st Bill Dawson:
Batting: RHB Jorge Colón 0-0: Ball
1-0: Foul Ball, location: 2F
1-1: Foul Ball, location: 2F
1-2: Ball
2-2: Foul Ball, location: 2F
2-2: Fly out, F8 (Flyball, 8RM)
Batting: RHB Robert Marks 0-0: Ball
1-0: Ball
2-0: Foul Ball, location: 2F
2-1: Foul Ball, location: 2F
2-2: Foul Ball, location: 2F
2-2: Foul Ball, location: 2F
2-2: Ground out 6-3 (Groundball, 6)
Bottom of the 4th over - 0 run(s), 1 hit(s), 0 error(s), 2 left on base; Saskatoon 0 - Seattle 0
TOP OF THE 5TH
Saskatoon Smokin' Guns batting - Pitching for Seattle Rainiers : RHP Rafael López
Now at SS: Bill Dawson
Batting: RHB Chris Richards 0-0: Foul Ball, location: 2F
0-1: Swinging Strike
0-2: Ball
1-2: Foul Ball, location: 2F
1-2: Strikes out looking
Batting: RHB Alvin Hampton 0-0: SINGLE (Line Drive, 78S)
Batting: LHB Bo Rush Pickoff Throw to First - Out!
0-0: Ball
1-0: Ball
2-0: Called Strike
2-1: Foul Ball, location: 2F
2-2: Strikes out looking
Top of the 5th over - 0 run(s), 1 hit(s), 0 error(s), 0 left on base; Saskatoon 0 - Seattle 0
BOTTOM OF THE 5TH
Seattle Rainiers batting - Pitching for Saskatoon Smokin' Guns : RHP Bernardo Romero
Batting: RHB Doug Williams 0-0: Ball
1-0: Swinging Strike
1-1: Called Strike
1-2: Ball
2-2: Foul Ball, location: 2F
2-2: Ball
3-2: Strikes out looking
Batting: SHB Vicente Pagán 0-0: Called Strike
0-1: Fly out, F8 (Flyball, 78M)
Batting: LHB Tony Rivera 0-0: Ball
1-0: Ball
2-0: Ball
3-0: Called Strike
3-1: Foul Ball, location: 2F
3-2: SINGLE (Groundball, 4MD)
Pitching: RHP Daniel Casey
Batting: SHB Glenn Vadnais 0-0: Ball
1-0: Foul Ball, location: 2F
1-1: 2-RUN HOME RUN (Flyball, 9D), Distance : 446 ft
Batting: LHB Brian Boone 0-0: Ball
1-0: Reached on error, E3 (Groundball, 3L)
Batting: RHB Jorge Montoya 0-0: Called Strike
0-1: Foul Ball, location: 2F
0-2: Ball
1-2: Ball
2-2: Strikes out swinging
Bottom of the 5th over - 2 run(s), 2 hit(s), 1 error(s), 1 left on base; Saskatoon 0 - Seattle 2
TOP OF THE 6TH
Saskatoon Smokin' Guns batting - Pitching for Seattle Rainiers : RHP Rafael López
Batting: RHB Kenny Thompson 0-0: Called Strike
0-1: Ground out 5-3 (Groundball, 56S)
Batting: RHB Jason O'Toole 0-0: Ball
1-0: Called Strike
1-1: Foul Ball, location: 2F
1-2: Strikes out swinging
Batting: LHB Russell Peck 0-0: Called Strike
0-1: Ball
1-1: Called Strike
1-2: Strikes out looking
Top of the 6th over - 0 run(s), 0 hit(s), 0 error(s), 0 left on base; Saskatoon 0 - Seattle 2
BOTTOM OF THE 6TH
Seattle Rainiers batting - Pitching for Saskatoon Smokin' Guns : RHP Daniel Casey
Batting: RHB Bill Dawson 0-0: SINGLE (Line Drive, 56)
Batting: RHB Jorge Colón 0-0: Ball
1-0: Called Strike
1-1: Ball
2-1: Called Strike
2-2: Ball
3-2: Base on Balls
Bill Dawson to second
Batting: RHB Robert Marks 0-0: Ball
1-0: Swinging Strike
1-1: Foul Ball, location: 2F
1-2: SINGLE (Line Drive, 34)
Bill Dawson to third
Jorge Colón to second
Runner from 3rd tries for Home, SAFE, throw made home
Batting: RHB Doug Williams 0-0: Ball
1-0: SINGLE (Popup, 8RS)
Jorge Colón to third
Robert Marks to second
Runner from 3rd tries for Home, SAFE, no throw or cutoff
Pitching: RHP Dan Handy
Batting: SHB Vicente Pagán 0-0: Foul Ball, location: 2F
0-1: Called Strike
0-2: Ball
1-2: Foul Ball, location: 2F
1-2: Strikes out swinging
Batting: LHB Tony Rivera 0-0: Ball
1-0: Ball
2-0: Called Strike
2-1: Foul Ball, location: 2F
2-2: DOUBLE (Line Drive, 5L)
Robert Marks scores
Doug Williams to third
Batting: SHB Glenn Vadnais 0-0: Ball
1-0: Fly out, F9 (Flyball, 89S)
Batting: LHB Brian Boone 0-0: Fly out, F8 (Flyball, 8RXD)
Bottom of the 6th over - 3 run(s), 4 hit(s), 0 error(s), 2 left on base; Saskatoon 0 - Seattle 5
TOP OF THE 7TH
Saskatoon Smokin' Guns batting - Pitching for Seattle Rainiers : RHP Rafael López
Pitching: RHP Dani Vásquez
Batting: RHB César Rodríguez 0-0: Ball
1-0: Called Strike
1-1: Ball
2-1: Foul Ball, location: 2F
2-2: Strikes out swinging
Batting: RHB Eric Neal 0-0: Called Strike
0-1: Foul Ball, location: 2F
0-2: Ball
1-2: Ball
2-2: Foul Ball, location: 2F
2-2: Strikes out swinging
Batting: LHB Raúl Casillán 0-0: Ball
1-0: Ball
2-0: Foul Ball, location: 2F
2-1: Swinging Strike
2-2: Ball
3-2: Foul Ball, location: 2F
3-2: Foul Ball, location: 2F
3-2: Base on Balls
Batting: RHB Chris Richards 0-0: Foul Ball, location: 2F
0-1: Ball
1-1: Called Strike
Raúl Casillán steals 2nd base
1-2: Foul Ball, location: 2F
1-2: Fly out, F6 (Popup, 6M)
Top of the 7th over - 0 run(s), 0 hit(s), 0 error(s), 1 left on base; Saskatoon 0 - Seattle 5
BOTTOM OF THE 7TH
Seattle Rainiers batting - Pitching for Saskatoon Smokin' Guns : RHP Dan Handy
Batting: RHB Jorge Montoya 0-0: SINGLE (Line Drive, 5D)
Batting: RHB Bill Dawson 0-0: Ball
1-0: Grounds into double play, 6-4-3 (Groundball, 6)
Batting: RHB Jorge Colón 0-0: Ball
1-0: Called Strike
1-1: Foul Ball, location: 2F
1-2: Strikes out swinging
Bottom of the 7th over - 0 run(s), 1 hit(s), 0 error(s), 0 left on base; Saskatoon 0 - Seattle 5
TOP OF THE 8TH
Saskatoon Smokin' Guns batting - Pitching for Seattle Rainiers : RHP Dani Vásquez
Batting: RHB Alvin Hampton 0-0: Foul Ball, location: 2F
0-1: Called Strike
0-2: Strikes out swinging
Batting: LHB Bo Rush 0-0: Ball
1-0: Ball
2-0: Called Strike
2-1: Ball
3-1: Base on Balls
Batting: RHB Kenny Thompson 0-0: Ball
1-0: Fly out, F9 (Flyball, 9M)
Batting: RHB Jason O'Toole 0-0: Ball
1-0: Ball
2-0: Foul Ball, location: 2F
2-1: Foul Ball, location: 2F
2-2: Strikes out swinging
Top of the 8th over - 0 run(s), 0 hit(s), 0 error(s), 1 left on base; Saskatoon 0 - Seattle 5
BOTTOM OF THE 8TH
Seattle Rainiers batting - Pitching for Saskatoon Smokin' Guns : RHP Dan Handy
Pitching: RHP Lorenzo Montáñez
Batting: RHB Robert Marks 0-0: Ball
1-0: Ball
2-0: Called Strike
2-1: Ball
3-1: Base on Balls
Batting: RHB Doug Williams 0-0: Sac Bunt - play at first, batter OUT! 5-3
Robert Marks to second
Batting: SHB Vicente Pagán 0-0: Ball
1-0: Ball
2-0: Swinging Strike
2-1: Foul Ball, location: 2F
2-2: Ball
3-2: Strikes out swinging
Batting: LHB Tony Rivera 0-0: Called Strike
0-1: Ball
1-1: Ball
2-1: Foul Ball, location: 2F
2-2: Ball
3-2: Base on Balls
Batting: SHB Glenn Vadnais 0-0: Ball
1-0: Called Strike
1-1: Ball
2-1: Foul Ball, location: 2F
2-2: Foul Ball, location: 2F
2-2: Foul Ball, location: 2F
2-2: Foul Ball, location: 2F
2-2: Foul Ball, location: 2F
2-2: 3-RUN HOME RUN (Flyball, 9LD), Distance : 344 ft
Batting: LHB Brian Boone 0-0: Ball
1-0: Called Strike
1-1: Swinging Strike
1-2: SINGLE (Groundball, 56D)
Pitching: LHP Macy Catron
Batting: RHB Jorge Montoya 0-0: Called Strike
0-1: DOUBLE (Flyball, 9LS)
Brian Boone to third
Runner from 3rd tries for Home, SAFE, no throw or cutoff
Batting: RHB Bill Dawson 0-0: Called Strike
0-1: Foul Ball, location: 2F
0-2: Strikes out swinging
Bottom of the 8th over - 4 run(s), 3 hit(s), 0 error(s), 1 left on base; Saskatoon 0 - Seattle 9
TOP OF THE 9TH
Saskatoon Smokin' Guns batting - Pitching for Seattle Rainiers : RHP Dani Vásquez
Now at 1B: Jacob Hill
Batting: LHB Russell Peck 0-0: Ball
1-0: Ball
2-0: DOUBLE (Groundball, 5L)
Batting: RHB César Rodríguez 0-0: Called Strike
0-1: Ball
1-1: Foul Ball, location: 2F
1-2: Ball
2-2: Foul Ball, location: 2F
2-2: Foul Ball, location: 2F
2-2: Strikes out swinging
Pitching: RHP Steve Benson
Batting: RHB Eric Neal 0-0: Called Strike
0-1: Foul Ball, location: 2F
0-2: Ground out 6-3 (Groundball, 6)
Batting: LHB Raúl Casillán 0-0: Ball
1-0: Ground out 4-3 (Groundball, 4M)
Top of the 9th over - 0 run(s), 1 hit(s), 0 error(s), 1 left on base; Saskatoon 0 - Seattle 9
This league is powered by Out of the Park Baseball, the baseball management simulation game for PC, Mac and Linux
Saturday, April 9th, 2016 - OOTP Baseball 16.8 Build 38